 Dungeon Crawl Stone Soup version 0.21-a0-150-gc243083 (webtiles) character file.

60 drasked the Ruffian (level 3, -3/36 HPs)
             Began as a Troll Monk on July 26, 2017.
             Slain by a goblin
             ... wielding a +0 dagger
             ... led by Robin
              (5 damage)
             ... on level 2 of the Dungeon.
             The game lasted 00:01:37 (923 turns).

drasked the Ruffian (Troll Monk)                     Turns: 923, Time: 00:01:38

Health: -3/36      AC:  5    Str: 20    XL:     3   Next: 82%
Magic:  2/2        EV: 10    Int:  6    God:
Gold:   103        SH:  0    Dex: 12    Spells: 2/2 levels left

rFire    . . .     SeeInvis .     - Unarmed
rCold    . . .     Gourm    +   (no shield)
rNeg     . . .     Faith    .   a - +0 robe
rPois    .         Spirit   .   (helmet restricted)
rElec    .         Reflect  .   (no cloak)
rCorr    .         Harm     .   (gloves unavailable)
MR       .....                  (boots unavailable)
Stlth    ++........             (no amulet)
HPRegen  0.52/turn              (no ring)
MPRegen  0.08/turn              (no ring)

@: no status effects
A: unfitting armour, claws 3, fast metabolism 3, gourmand, regeneration 1,
shaggy fur 1, tough skin 2
a: no special abilities


You were on level 2 of the Dungeon.
You were full.

You visited 1 branch of the dungeon, and saw 2 of its levels.

You collected 103 gold pieces.

Inventory:

Armour
 a - a +0 robe (worn)
Scrolls
 d - 3 scrolls of identify {unknown}
 f - 3 scrolls of amnesia {unknown}
 h - a scroll of enchant armour {unknown}
 i - 2 scrolls of teleportation {unknown}
 l - a scroll of blinking {unknown}
Potions
 c - a potion of flight {unknown}
 e - a potion of heal wounds {unknown}
 g - a potion of ambrosia {unknown}
 j - a potion of haste {unknown}
 k - a potion of mutation {unknown}
Comestibles
 b - 3 bread rations {@e1}
 m - a meat ration {@e2}
 n - a royal jelly


   Skills:
 + Level 2.7 Fighting
 + Level 2.7 Dodging
 - Level 1.0 Stealth
 * Level 4.2 Unarmed Combat


You had 2 spell levels left.
You didn't know any spells.

Dungeon Overview and Level Annotations

Branches:
Dungeon (2/15)

Altars:
Gozag

Annotations:
D:2 Robin


Innate Abilities, Weirdness & Mutations

You are too large for most types of armour.
You have claws for hands.
Your metabolism is lightning-fast.
You like to eat raw meat.
Your natural rate of healing is unusually fast.
You are covered in fur. (AC +1)
You have very tough skin. (AC +2)


Message History

You kill the adder!
Unknown command.
You feel sick.
Unknown command.
Unknown command.
Unknown command.
You start resting.
You feel sick. x3
You are no longer poisoned.
You regained 2 hp, and now have 32/36 hp.
You may need something to eat soon, looking for food.
Can't find anything matching that.
Sorry, you're not good enough to have a special ability.
n - a royal jelly You now have 103 gold pieces (gained 15).
A hobgoblin comes into view. It is wielding a club.
The hobgoblin shouts!
Health restored: 36 A hobgoblin is nearby!
A hobgoblin is nearby!
A hobgoblin is nearby!
A hobgoblin is nearby!
The hobgoblin barely misses you.
A bat comes into view.
You claw the hobgoblin!
You kill the hobgoblin!
The bat hits you but does no damage.
You see here a club.
The bat hits you but does no damage. The bat misses you.
You scratch the bat.
You kill the bat!
No target in view!
No target in view!
No target in view!
You may need something to eat soon, looking for food.
Can't find anything matching that.
Sorry, you're not good enough to have a special ability.
A goblin comes into view.
The goblin shouts!
A goblin is nearby!
A goblin is nearby!
A goblin is nearby!
A goblin is nearby! 2 hobgoblins come into view.
The hobgoblin shouts!
Robin of the Strong Arm comes into view.
She is wielding a whip. 2 goblins come into view.
Robin shouts!
The hobgoblin shouts!
Robin roars a battlecry!
The goblins go into a battle-frenzy!
A goblin comes into view.
You see here a scroll labeled ORCHOOW MEMUECH.
A goblin comes into view.
The goblin shouts!
The goblin closely misses you.
A goblin comes into view. It is wielding a dagger.
You closely miss the goblin. The goblin hits you but does no damage.
The goblin shouts! x2
You claw the goblin!
You kill the goblin!
You scratch the hobgoblin. The hobgoblin hits you.
Robin throws the goblin at you! 2 goblins come into view.
The goblin shouts! x2
You claw the hobgoblin!
You kill the hobgoblin!
The goblin hits you.
The goblin moves out of view.
A goblin comes into view. It is wielding a dagger.
You take 3 damage, and have 33/36 hp.
You barely miss the goblin. The goblin barely misses you.
The goblin moves out of view.
You closely miss the hobgoblin. The hobgoblin hits you with a club.
The goblin hits you but does no damage.
You take 2 damage, and have 32/36 hp.
You closely miss the hobgoblin. The hobgoblin barely misses you.
The goblin misses you. The goblin hits you.
You take 2 damage, and have 30/36 hp.
You closely miss the hobgoblin. The hobgoblin hits you with a club!
The goblin barely misses you. x2
You take 6 damage, and have 24/36 hp.
You closely miss the hobgoblin.
Robin says, "Bow before me, strongest of all the hobgoblins!"
The goblin closely misses you. The hobgoblin hits you with a club!
You take 9 damage, and have 15/36 hp.
MASSIVE DAMAGE!!
You barely miss the goblin. The goblin closely misses you.
Unknown command.
You scratch the goblin.
You kill the goblin!
The hobgoblin hits you but does no damage.
The goblin hits you but does no damage. Robin hits you with a whip.
You take 4 damage, and have 12/36 hp.
The hobgoblin hits you with a club.
* * * LOW HITPOINT WARNING * * *
Robin throws the goblin at you!
* * * LOW HITPOINT WARNING * * *
The goblin hits you with a club.
* * * LOW HITPOINT WARNING * * *
The goblin hits you with a dagger.
You die...

#.###.######...........
#.# #........##.#.###.
#.###.#########.#.##
#...).# ####....##..
###.### #.....#.....
####.# #.##....##..
.....# # #.#.## ######
#g#.# ####.##@#.###
#.....g.g...#
#.##g##g#.#.# # #.#.#
#g# # #g#


gg# ..# ..# You could see Robin, a hobgoblin and 7 goblins.

Vanquished Creatures
  A gnoll (D:1)
  An adder (D:2)
  5 bats
  6 giant cockroaches
  2 goblins (D:2)
  4 hobgoblins
  10 jackals (D:1)
  A frilled lizard (D:1)
  6 kobolds
  A rat (D:1)
37 creatures vanquished.

Notes
Turn   | Place    | Note
-------+----------+-------------------------------------------
     0 | D:1      | drasked the Troll Monk began the quest for the Orb.
     0 | D:1      | Reached XP level 1. HP: 22/22 MP: 0/0
    62 | D:1      | Reached XP level 2. HP: 22/29 MP: 1/1
   319 | D:1      | Reached XP level 3. HP: 32/36 MP: 2/2
   526 | D:1      | Reached skill level 4 in Unarmed Combat
   735 | D:2      | Found an opulent altar of Gozag.
   910 | D:2      | Noticed Robin
   923 | D:2      | HP: 8/36 [hobgoblin/club[Robin] (5)]
   923 | D:2      | HP: 2/36 [goblin/club[Robin] (5)]
   923 | D:2      | Slain by a goblin

Vault maps used:
D:1:      dpeg_arrival_long_road
D:2:      overflow_temple_1_default, first_bread, uniq_jessica, uniq_robin

Skill      XL: |  1  2  3 |
---------------+----------+-----
Unarmed Combat | 4 |  4.2
Fighting       | |  2.7
Dodging        | |  2.7
Stealth        | |  1.0

Action                   || total
-------------------------++-------
Melee: Unarmed           ||    80
 Stab: Sleeping          ||     3
  Eat: Chunk             ||    10
Armor: Robe              ||    36
Dodge: Dodged            ||    37

Vault maps used:
D:1:      dpeg_arrival_long_road
D:2:      overflow_temple_1_default, first_bread, uniq_jessica, uniq_robin

Table legend:
 A = Turns spent in this place as a percentage of turns spent in the entire game.
 B = Non-inter-level travel turns spent in this place as a percentage of non-inter-level travel turns spent in the entire game.
 C = Inter-level travel turns spent in this place as a percentage of turns spent in this place.
 D = Turns resting spent in this place as a percentage of non-inter-level travel turns spent in this place.
 E = Turns spent auto-exploring this place as a percentage of non-inter-level travel turns spent in this place.
 F = Non-inter-level travel turns spent in this place divided by the number of levels of this place that you've seen.
                   A       B       C       D       E      F
               +-------+-------+-------+-------+-------+----------------------
         Total | 100.0 | 100.0 |   0.2 |   0.3 |   8.4 | 302.0
       Dungeon | 100.0 | 100.0 |   0.2 |   0.3 |   8.4 | 302.0
               +-------+-------+-------+-------+-------+----------------------

Table legend:
 A = Kills in this place as a percentage of kills in entire the game.
 B = Kills by you in this place as a percentage of kills by you in the entire game.
 C = Kills by friends in this place as a percentage of kills by friends in the entire game.
 D = Other kills in this place as a percentage of other kills in the entire game.
 E = Experience gained in this place as a percentage of experience gained in the entire game.
 F = Experience gained in this place divided by the number of levels of this place that you have seen.
                   A       B       C       D       E      F
               +-------+-------+-------+-------+-------+----------------------
         Total | 100.0 | 100.0 |  -nan |  -nan | 100.0 |  43.5
       Dungeon | 100.0 | 100.0 |  -nan |  -nan | 100.0 |  43.5
               +-------+-------+-------+-------+-------+----------------------
